 Dungeon Crawl Stone Soup version 0.19-a0-1568-gdd01aac (webtiles) character file.

572 dvd the Stinger (level 7, -2/37 HPs)
             Began as an Octopode Venom Mage on Sept 15, 2016.
             Was an Initiate of Hepliaklqana.
             Slain by a centaur (8 damage)
             ... on level 5 of the Dungeon.
             The game lasted 00:11:38 (4342 turns).

dvd the Stinger (Octopode Venom Mage)               Turns: 4342, Time: 00:11:38

Health: -2/37      AC:  1    Str:  7    XL:     7   Next: 34%
Magic:  0/13       EV: 13    Int: 19    God:    Hepliaklqana [......]
Gold:   256        SH:  0    Dex: 13    Spells: 2 memorised, 9 levels left

rFire  . . .     SeeInvis +     a - +1 short sword (speed)
rCold  . . .     Gourm    .     (no shield)
rNeg   . . .     Faith    .     (helmet restricted)
rPois  .         Spirit   +     h - amulet of guardian spirit
rElec  .         Dismiss  .     u - ring of see invisible
rCorr  .         Reflect  .     (no ring)
MR     .....     Harm     .     (no ring)
Stlth  ++++......               (no ring)
                                (no ring)
                                (no ring)
                                (no ring)
                                (no ring)

@: no status effects
A: almost no armour, stealthy swim, amphibious, 8 rings, constrict 8, reduced
essence, camouflage 1, gelatinous body 1
a: Recall Ancestor, Ancestor Identity, Renounce Religion


You were on level 5 of the Dungeon.
You worshipped Hepliaklqana.
Hepliaklqana was noncommittal.
You were not hungry.

You visited 2 branches of the dungeon, and saw 6 of its levels.

You collected 256 gold pieces.

Inventory:

Hand Weapons
 a - a +1 short sword of speed (weapon)
 b - a +1 dagger of draining
 c - a +0 dagger of venom
 n - a +2 vampiric whip
 t - a +0 great sword
 w - a +0 whip of venom
Jewellery
 h - an amulet of guardian spirit (around mantle)
 u - a ring of see invisible (left tentacle)
Scrolls
 e - a scroll of noise {unknown}
 g - a scroll of blinking {unknown}
 j - 3 scrolls of teleportation {unknown}
 l - 3 scrolls of remove curse
 m - 5 scrolls of identify
 o - 2 scrolls of magic mapping {unknown}
 s - a scroll of fog {unknown}
Potions
 i - 2 potions of haste {unknown}
 k - 4 potions of curing
 q - a potion of mutation {unknown}
 r - 2 potions of flight
 v - a potion of heal wounds {unknown}
Books
 z - a Young Poisoner's Handbook

   Spells                             Type                      Level
   a - Sting                          Conjuration/Poison           1
   b - Mephitic Cloud                 Conjuration/Poison/Air       3
   c - Olgreb's Toxic Radiance        Poison                       4
   d - Alistair's Intoxication        Transmutation/Poison         5
   e - Venom Bolt                     Conjuration/Poison           5
Comestibles
 d - 3 bread rations
 f - 3 meat rations
 p - a beef jerky


   Skills:
 + Level 0.8 Fighting
 + Level 2.0 Short Blades
 + Level 2.3 Dodging
 + Level 4.8 Stealth
 + Level 4.0 Spellcasting
 + Level 2.0 Conjurations
 + Level 7.2 Poison Magic


You had 9 spell levels left.
You knew the following spells:

 Your Spells              Type           Power        Failure   Level  Hunger
a - Sting                 Conj/Pois      ###.         1%          1    None
b - Olgreb's Toxic Radia  Pois           ####....     10%         4    ####...


Dungeon Overview and Level Annotations

Branches:
Dungeon (5/15)             Temple (1/1) D:5

Altars:
Dithmenos
Elyvilon
Fedhas
Gozag
Hepliaklqana
Nemelex Xobeh
Okawaru
Qazlal
Ru
Sif Muna
Uskayaw
Vehumet
Xom
Yredelemnul
Zin
The Shining One


Innate Abilities, Weirdness & Mutations

You cannot wear most types of armour.
You are very stealthy in the water.
You are amphibious.
You can wear up to eight rings at the same time.
You can use your tentacles to constrict eight enemies at once.
Your skin changes colour to match your surroundings (Stealth+).
Your rubbery body absorbs attacks. (AC +1, EV +1)
Your life essence is reduced. (-10% HP)


Message History

The centaur shouts!
The centaur wields a shortbow.
The centaur shoots an arrow.
The arrow hits you.
You see here an arrow.
Casting: Sting
Confirm with . or Enter, or press ? or * to list all spells.
You begin to radiate toxic energy.
The centaur is poisoned.
The centaur shoots an arrow.
The arrow hits you!
The centaur shoots an arrow.
The arrow hits you!
Unknown command.
The centaur shoots an arrow.
The arrow hits you.
* * * LOW HITPOINT WARNING * * *
You see here an arrow.
The centaur looks even sicker.
Your toxic aura wanes.
The centaur unwields an uncursed shortbow.
The centaur hits you!
* * * LOW HITPOINT WARNING * * *
Unknown command.
It was a potion of curing.
You feel better. The centaur hits you!
You die...

#### ..# #c#
#@# #R# # #(#
#.###.#
#)....#
####..#
#######..#
##..........#
#..#######.##


You could see the friendly Ishtar-belessa the ancestor and a centaur.

Vanquished Creatures
  2 ogres (D:4)
  A centaur (D:5)
  A scorpion (D:4)
  2 orc wizards (D:4)
  2 worker ants (D:4)
  4 gnolls (D:2)
  5 adders
  A shadow imp (D:5)
  A worm (D:4)
  A dart slug (D:1)
  2 leopard geckos
  12 orcs
  6 giant cockroaches
  3 goblins
  5 hobgoblins
  A quokka (D:5)
  A ball python (D:1)
  12 bats
  6 kobolds
  4 rats
72 creatures vanquished.

Notes
Turn   | Place    | Note
-------+----------+-------------------------------------------
     0 | D:1      | dvd the Octopode Venom Mage began the quest for the Orb.
     0 | D:1      | Reached XP level 1. HP: 11/11 MP: 3/3
    47 | D:1      | Reached skill level 5 in Poison Magic
   151 | D:1      | Reached XP level 2. HP: 17/17 MP: 3/5
   765 | D:2      | Reached XP level 3. HP: 21/21 MP: 1/6
  1215 | D:2      | Reached XP level 4. HP: 27/27 MP: 7/7
  1474 | D:2      | Reached skill level 1 in Conjurations
  1490 | D:2      | Found a shadowy altar of Dithmenos.
  1716 | D:3      | Learned a level 4 spell: Olgreb's Toxic Radiance
  2273 | D:3      | Found a faded altar of an unknown god.
  2549 | D:3      | Found a deep blue altar of Sif Muna.
  2601 | D:3      | Reached skill level 1 in Short Blades
  2601 | D:3      | Reached XP level 5. HP: 31/31 MP: 0/8
  2764 | D:4      | Reached skill level 6 in Poison Magic
  2884 | D:4      | Noticed an ogre
  2909 | D:4      | Killed an ogre
  2909 | D:4      | Reached XP level 6. HP: 37/37 MP: 2/10
  3390 | D:4      | Reached skill level 7 in Poison Magic
  3390 | D:4      | Reached XP level 7. HP: 23/42 MP: 1/12
  3858 | D:5      | Entered Level 5 of the Dungeon
  3881 | D:5      | Found a staircase to the Ecumenical Temple.
  3915 | Temple   | Entered the Ecumenical Temple
  4049 | Temple   | Became a worshipper of Hepliaklqana
  4341 | D:5      | HP: 1/37 [centaur (8)]
  4342 | D:5      | Slain by a centaur

Vault maps used:
D:1:      scummos_arrival_forest
D:2:      first_bread, grunt_dithmenos_smoke
D:3:      ecumenical_altar_2, lemuel_blue_sif_altar
D:5:      kennysheep_little_box, kennysheep_generic_room_9
Temple:   nicolae_temple_elliptical

Skill      XL: |  1  2  3  4  5  6  7 |
---------------+----------------------+-----
Poison Magic   | 5 6 7 |  7.2
Stealth        | 3 4 |  4.8
Conjurations   | 1 2 |  2.0
Short Blades   | 1 2 |  2.0
Spellcasting   | 3 4 |  4.0
Fighting       | |  0.8
Dodging        | |  2.3

Action                   |  1- 3 |  4- 6 |  7- 9 || total
-------------------------+-------+-------+-------++-------
Melee: Short sword       |    25 |    23 |    16 ||    64
       Tentacles         |     4 |     4 |     2 ||    10
       Constrict         |     4 |     6 |     3 ||    13
 Cast: Sting             |    32 |    47 |     8 ||    87
       Olgreb's Toxic Ra |       |     9 |     7 ||    16
Invok: Ancestor Identity |       |       |     1 ||     1
  Use: Scroll            |       |       |     2 ||     2
       Potion            |       |       |     1 ||     1
 Stab: Sleeping          |     7 |     1 |       ||     8
  Eat: Chunk             |     1 |     9 |     4 ||    14
Armor: Skin              |     2 |     1 |     2 ||     5
Dodge: Dodged            |    11 |    17 |     9 ||    37
